 Dungeon Crawl Stone Soup version 0.18-a0-1343-g48c8f86 (webtiles) character file.

176 M4edhros the Insei (level 5, -5/41 HPs)
             Began as a Mummy Monk on Feb 16, 2016.
             Slain by a deep troll earth mage (9 damage)
             ... on level 2 of the Dungeon.
             The game lasted 00:09:19 (13623 turns).

M4edhros the Insei (Mummy Monk)                    Turns: 13623, Time: 00:09:19

Health: -5/41      AC:  1    Str: 14    XL:     5   Next: 30%
Magic:  5/5        EV: 10    Int: 10    God:
Gold:   162        SH:  8    Dex: 15    Spells: 0 memorised, 4 levels left

rFire  x . .     SeeInvis .       - Unarmed
rCold  + . .     Gourm    .     (no armour)
rNeg   + + +     Faith    .     i - +0 shield
rPois  ∞         Spirit   .     d - +0 helmet
rElec  .         Dismiss  .     (no cloak)
rCorr  +         Reflect  .     (no gloves)
SustAt .         Harm     .     (no boots)
MR     .....                    (no amulet)
Stlth  ++........               (no ring)
                                l - ring of resist corrosion

@: about to teleport, not resistant to hostile enchantments, unstealthy
A: no food or potions, fire vulnerability, cold resistance 1, negative energy
resistance 3, torment resistance, unbreathing
a: no special abilities


You were on level 2 of the Dungeon.
You were not hungry.

You visited 1 branch of the dungeon, and saw 3 of its levels.

You collected 162 gold pieces.

Inventory:

Armour
 d - a +0 helmet (worn)
 i - a +0 shield (worn)
Jewellery
 l - a ring of resist corrosion (left hand)
Scrolls
 a - 3 scrolls of remove curse {unknown}
 b - a scroll of fear {unknown}
 c - 5 scrolls of identify
 e - a scroll of amnesia {unknown}
 f - 2 scrolls of recharging {unknown}
 g - a scroll of magic mapping {unknown}
 h - a scroll of enchant weapon {unknown}
 k - a scroll of random uselessness {unknown}


   Skills:
 - Level 3.0 Fighting
 - Level 2.4 Dodging
 - Level 1.5 Stealth
 + Level 1.2 Shields
 - Level 5.2 Unarmed Combat


You had 4 spell levels left.
You didn't know any spells.

Dungeon Overview and Level Annotations

Branches:
Dungeon (3/15)

Altars:
Cheibriados
Elyvilon
Fedhas
Gozag
Trog


Innate Abilities, Weirdness & Mutations

You do not eat or drink.
Your flesh is vulnerable to fire.
You are immune to poison.
Your flesh is cold resistant.
You are immune to negative energy.
You are immune to unholy pain and torment.
You can survive without breathing.


Message History

A deep troll earth mage comes into view.
The deep troll earth mage shouts!
A deep troll comes into view.
You aren't carrying any items that can be evoked.
You can't drink.
Read which item? (? for menu, Esc to quit)
As you read the scroll labeled BUDAR NUCOCIULOXY, it crumbles to dust.
It is a scroll of identify.
Identify which item? (\ to view known items) (? for menu, Esc to quit)
j - a scroll of teleportation Read which item? (? for menu, Esc to quit)
As you read the scroll of teleportation, it crumbles to dust.
You feel strangely unstable.
A sky beast appears from thin air!
Reactivating autopickup.
The sky beast closely misses you.
You block the deep troll earth mage's attack.
The deep troll earth mage claws you!
* * * LOW HITPOINT WARNING * * *
The deep troll earth mage claws you!
You die...

######.# #.########
.......#################.#.......
........#...)............#.######
.#####.###.#############.#.# .#
#..........# #....#.# .#
#..##.####.# #.####.######
.#####..##......# #.# #.#.....
.....))..############.####.###.#.
.......<.......Y@T...T.T...(...#.
.#######.############.##.......#.
.# #.........# #.##(......#. ###
#.#..####.# #.##.......#. ..#
#.##.## #.# #.##.........
######.##..###.######.##...#...##
..#..............................
#.####.###.###.###..#.##....#...#
..# #.##...........#............


You could see 2 deep trolls, a deep troll earth mage and a sky beast.

Vanquished Creatures
  Terence (D:2)
  A hound skeleton (D:2)
  3 adders (D:2)
  3 oozes (D:1)
  2 worms (D:2)
  4 giant geckos (D:1)
  3 orcs (D:1)
  8 bats
  5 giant cockroaches
  8 goblins
  7 hobgoblins
  10 jackals
  10 kobolds
  8 giant newts
  10 rats
83 creatures vanquished.

Notes
Turn   | Place    | Note
--------------------------------------------------------------
     0 | D:1      | M4edhros the Mummy Monk began the quest for the Orb.
     0 | D:1      | Reached XP level 1. HP: 18/18 MP: 1/1
   448 | D:1      | Reached XP level 2. HP: 20/24 MP: 2/2
  1012 | D:1      | Reached skill level 4 in Unarmed Combat
  1150 | D:1      | Reached XP level 3. HP: 7/29 MP: 3/3
  1859 | D:2      | Found an opulent altar of Gozag.
  2336 | D:2      | Reached XP level 4. HP: 33/35 MP: 4/4
  2535 | D:2      | Found a blossoming altar of Fedhas.
  3397 | D:2      | Found a bloodstained altar of Trog.
  3400 | D:2      | Found a white marble altar of Elyvilon.
  3403 | D:2      | Found a snail-covered altar of Cheibriados.
  3414 | D:2      | Noticed Terence
  3521 | D:2      | Killed Terence
  3521 | D:2      | Reached skill level 5 in Unarmed Combat
  5744 | D:1      | Reached XP level 5. HP: 37/41 MP: 5/5
 10238 | D:1      | Noticed a steam dragon
 10238 | D:1      | a scorpion changed into a steam dragon
 11847 | D:2      | Reached skill level 1 in Shields
 13559 | D:2      | Noticed a sky beast
 13619 | D:2      | Noticed a deep troll earth mage
 13622 | D:2      | Noticed a deep troll
 13623 | D:2      | Slain by a deep troll earth mage

Vault maps used:
D:1:      minmay_arrival_four_circles, item_on_display_a
D:2:      nicolae_gozag_cash_rules_everything_around_me, lemuel_doored_altar,
          grunt_temple_overflow_diamond, uniq_terence
D:3:      serial_curves, eino_curves_03, eino_curves_01, eino_curves_01,
          first_bread, ecumenical_altar_1, guppyfry_early_lair_pool

Action                   |  1- 3 |  4- 6 || total
-------------------------+-------+-------++-------
Melee: Unarmed           |   155 |   216 ||   371
  Use: Scroll            |     1 |     3 ||     4
 Stab: Sleeping          |     7 |     1 ||     8
       Distracted        |       |     1 ||     1
